 Dungeon Crawl Stone Soup version 0.27-a0-1301-g128193abf8 (webtiles) character file.

Game seed: 3045978034771834190

935 BlueGoblin the Magician (level 8, -3/52 HPs)
             Began as a Djinni Hedge Wizard on June 17, 2021.
             Slain by a shadow (21 damage)
             ... on level 6 of the Dungeon.
             The game lasted 00:30:09 (9177 turns).

BlueGoblin the Magician (Djinni Hedge Wizard)       Turns: 9177, Time: 00:30:10

Health: -3/52      AC:  2    Str:  9    XL:     8   Next: 33%
Gold:   273        EV: 13    Int: 17    God:
                   SH:  0    Dex: 14

rFire    + + .     SeeInvis .   r - +4 falchion
rCold    x . .     Faith    .   (no shield)
rNeg     + . .     Spirit   .   b - +0 robe
rPois    ∞         Reflect  .   c - +0 hat
rElec    .         Harm     .   (no cloak)
rCorr    .         Rampage  .   (no gloves)
Will     .....                  (boots unavailable)
Stlth    ++........             k - amulet of regeneration
HPRegen  1.17/turn              p - ring of positive energy
MPRegen  0.00/turn              (no ring)

@: flying
A: sickness immunity, fire resistance 2, cold vulnerability 1, float, innate
caster, hp casting, extra vitality 1, sense surroundings 1
a: no special abilities


You were on level 6 of the Dungeon.
You visited 2 branches of the dungeon, and saw 7 of its levels.

You collected 385 gold pieces.
You spent 112 gold pieces at shops.

Inventory:

Hand Weapons
 a - a +1 dagger
 r - a +4 falchion (weapon)
Armour
 b - a +0 robe (worn)
 c - a +0 hat (worn)
 i - a +0 leather armour
Magical Staves
 d - a staff of death
 u - a staff of cold
Jewellery
 k - an amulet of regeneration (around neck)
 l - an amulet of faith
 p - a ring of positive energy (left hand)
 q - a ring of ice
Wands
 e - a wand of flame (19)
Scrolls
 h - 5 scrolls of identify
 j - a scroll of blinking {unknown}
 m - a scroll of holy word
 o - 2 scrolls of teleportation
 s - a scroll of enchant armour {unknown}
 t - a scroll of immolation {unknown}
Potions
 f - a potion of might
 g - a potion of lignification
 n - 2 potions of brilliance


   Skills:
 + Level 1.0 Fighting
 + Level 1.0 Long Blades
 + Level 3.0 Dodging
 + Level 3.0 Stealth
 + Level 6.6 Spellcasting


You had one spell level left.
You knew the following spells:

 Your Spells              Type           Power      Damage    Failure   Level
a - Magic Dart            Conj           100%       1d8       1%          1
b - Blink                 Tloc           N/A        N/A       1%          2
c - Call Imp              Summ           28%        N/A       1%          2
d - Slow                  Hex            28%        N/A       1%          2
e - Conjure Flame         Conj/Fire      28%        6-21      2%          3
f - Mephitic Cloud        Conj/Pois/Air  28%        N/A       2%          3
g - Freeze                Ice            100%       1d11      1%          1
h - Corpse Rot            Necr/Air       N/A        N/A       1%          2
i - Tukima's Dance        Hex            28%        N/A       2%          3
Your spell library was empty.

Dungeon Overview and Level Annotations

Branches:
Dungeon (6/15)             Temple (1/1) D:4

Altars:
Cheibriados
Dithmenos
Elyvilon
Fedhas
Hepliaklqana
Nemelex Xobeh
Qazlal
Ru
Trog
Uskayaw
Wu Jian
Xom
Yredelemnul
Zin

Shops:
D:1 *   D:4 *!


Innate Abilities, Weirdness & Mutations

You are immune to sickness and miasma.
You are immune to poison.
Your flesh is very heat resistant. (rF++)
You are vulnerable to cold. (rC-)
You float through the air rather than walking.
You learn spells naturally, not from books.
Your magical power is your life essence.
You have superior vitality. (+4 HP)
You passively map a small area around you.


Message History

You blink.
The shadow slips into darkness.
The shadow flickers and vanishes!
Deactivating autopickup; reactivate with Ctrl-A.
Casting: Blink (safe; 1% risk of failure)
Confirm with . or Enter, or press ? or * to list all spells.
You blink.
The shadow strikes at you from the darkness!
* * * LOW HITPOINT WARNING * * *
Reactivating autopickup.
Casting: Blink (safe; 1% risk of failure)
Confirm with . or Enter, or press ? or * to list all spells.
You blink.
* * * LOW HITPOINT WARNING * * *
The shadow slips into darkness.
The shadow flickers and vanishes!
Deactivating autopickup; reactivate with Ctrl-A.
The shadow strikes at you from the darkness!
* * * LOW HITPOINT WARNING * * *
Reactivating autopickup.
Casting: Blink (safe; 1% risk of failure)
Confirm with . or Enter, or press ? or * to list all spells.
You blink.
* * * LOW HITPOINT WARNING * * *
The shadow hits you!
* * * LOW HITPOINT WARNING * * *
Casting: Blink (safe; 1% risk of failure)
Confirm with . or Enter, or press ? or * to list all spells.
You blink.
* * * LOW HITPOINT WARNING * * *
You feel a little less mighty now.
The shadow slips into darkness.
The shadow flickers and vanishes!
Deactivating autopickup; reactivate with Ctrl-A.
There is a stone staircase leading up here.
Casting: Blink (safe; 1% risk of failure)
Confirm with . or Enter, or press ? or * to list all spells.
You blink.
The shadow strikes at you from the darkness!
You die...

## #.# #.##.##.# .## #.#
#.......## ..####+##
#........# ...##...##
#.##.###.# ...#.....##
#.##.###.#
..........###.##..##.#
...........##.#..>##(####
...........'............#
#..........##.#.@.##.##.#
##........###...{....##.#
#.##.....## ####§..####.#
.####...#### #.#..# #.#
## ##.....# #....# #.# #
#.###.# #.##.# #.#
######.# #.# #.##.###.#
.......###.#####........#
##..................#####


There were no monsters in sight!

Vanquished Creatures
  A black bear (D:6)
  A phantom (D:3)
  A wight (D:5)
  A jelly (D:6)
  A bullfrog skeleton (D:6)
  A gnoll (D:1)
  An adder (D:2)
  2 ufetubi
  An adder skeleton (D:5)
  A dart slug (D:2)
  5 orcs
  A bat (D:2)
  3 endoplasms
  3 giant cockroaches
  2 goblins (D:2)
  2 hobgoblins (D:3)
  4 jackals
  3 frilled lizards
  3 kobolds
  A rat (D:3)
38 creatures vanquished.

Vanquished Creatures (collateral kills)
  An oklob plant (D:5)
  A necrophage (D:4)
  A sky beast (D:6)
  2 ogres
  A bullfrog (D:6)
  3 wights (D:5)
  A hound (D:5)
  2 jellies
  2 iguanas (D:5)
  2 orc wizards (D:3)
  5 adders
  A white imp (D:6)
  2 worms
  3 dart slugs
  10 orcs
  A bat (D:3)
  3 endoplasms
  A giant cockroach (D:4)
  A goblin (D:1)
  3 jackals
  2 kobolds (D:2)
  A quokka (D:4)
  A rat (D:1)
50 creatures vanquished.

Vanquished Creatures (others)
  5 fungi (D:5)
  6 plants (D:5)
11 creatures vanquished.

Grand Total: 99 creatures vanquished

Notes
Turn   | Place    | Note
-------+----------+-------------------------------------------
     0 | D:1      | BlueGoblin the Djinni Hedge Wizard began the quest for the
                  | Orb.
     0 | D:1      | Reached XP level 1. HP: 15/15 MP: 0/0
    27 | D:1      | Reached XP level 2. HP: 10/21 MP: 0/0
  1129 | D:1      | Found Poulof's Assorted Antiques.
  1273 | D:1      | Reached skill level 3 in Spellcasting
  1479 | D:2      | Reached XP level 3. HP: 22/25 MP: 0/0
  1479 | D:2      | Learned a level 1 spell: Freeze
  2184 | D:2      | Found a shimmering altar of Xom.
  2666 | D:2      | Reached XP level 4. HP: 25/31 MP: 0/0
  2988 | D:3      | Noticed a phantom
  3914 | D:3      | Found a faded altar of an unknown god.
  4106 | D:3      | Reached XP level 5. HP: 29/35 MP: 0/0
  4106 | D:3      | Learned a level 2 spell: Corpse Rot
  4536 | D:3      | Killed a phantom
  4537 | D:3      | Reached skill level 4 in Spellcasting
  5281 | D:4      | Found Gaecileq's Lightly-Used Armoury.
  5288 | D:4      | Found Zorar's Distillery.
  5303 | D:4      | Bought a potion of mutation for 112 gold pieces
  5303 | D:4      | Gained mutation: You passively map a small area around you.
                  | [potion of mutation]
  5316 | D:4      | Noticed an ogre
  5397 | D:4      | Killed an ogre
  5398 | D:4      | Reached XP level 6. HP: 24/40 MP: 0/0
  5737 | D:4      | Found a staircase to the Ecumenical Temple.
  5931 | Temple   | Entered the Ecumenical Temple
  6136 | D:4      | Noticed a necrophage
  6162 | D:4      | Killed a necrophage
  6271 | D:4      | Found a bloodstained altar of Trog.
  6755 | D:5      | Entered Level 5 of the Dungeon
  7262 | D:5      | Reached skill level 5 in Spellcasting
  7315 | D:5      | Reached XP level 7. HP: 45/45 MP: 0/0
  7315 | D:5      | Learned a level 3 spell: Tukima's Dance
  7672 | D:5      | Found a hide-covered altar of Uskayaw.
  7675 | D:5      | Found a basalt altar of Yredelemnul.
  7678 | D:5      | Found a shadowy altar of Dithmenos.
  7965 | D:5      | Found a blossoming altar of Fedhas.
  7997 | D:5      | Noticed an oklob plant
  8107 | D:5      | Killed an oklob plant
  8108 | D:5      | Reached skill level 6 in Spellcasting
  8195 | D:6      | Reached XP level 8. HP: 51/51 MP: 0/0
  8475 | D:6      | Reached skill level 1 in Long Blades
  8844 | D:6      | Reached skill level 1 in Fighting
  9058 | D:6      | Noticed a shadow
  9177 | D:6      | Slain by a shadow

Illustrated notes

Levels and vault maps discovered:
D:1:      dpeg_arrival_oval, layout_loops_ring, serial_shops, nicolae_shop_trees
D:2:      layout_basic, basic_altar, chequers_serial_rivers_micro_d
D:3:      layout_basic, hellmonk_ecumenical_altar_zigzags,
          kennysheep_big_empty_room
D:4:      layout_basic, amcnicky_altar_gilded, minmay_temple_entry_sparse_star,
          serial_shops, nicolae_shop_statue_plus, minmay_shop_damaged,
          nicolae_underground_beach
D:5:      layout_loops_ring, tgw_fedhas, grunt_temple_overflow_diamond
D:6:      layout_loops_corners
Temple:   nicolae_temple_figure_zero

Skill      XL: |  1  2  3  4  5  6  7  8 |
---------------+-------------------------+-----
Spellcasting   | 3 4 5 6 |  6.6
Stealth        | 2 3 |  3.0
Dodging        | 3 |  3.0
Long Blades    | 1 |  1.0
Fighting       | 1 |  1.0

Action                   |  1- 3 |  4- 6 |  7- 9 || total
-------------------------+-------+-------+-------++-------
Melee: Dagger            |     2 |     1 |       ||     3
       Falchion          |       |       |    29 ||    29
 Cast: Magic Dart        |    34 |    30 |    24 ||    88
       Call Imp          |    23 |    57 |    50 ||   130
       Freeze            |     3 |    26 |     5 ||    34
       Blink             |       |    12 |    12 ||    24
       Conjure Flame     |       |    15 |     1 ||    16
       Slow              |       |     1 |     1 ||     2
       Mephitic Cloud    |       |     3 |       ||     3
  Use: Potion            |       |     6 |     1 ||     7
       Scroll            |       |     7 |       ||     7
 Stab: Sleeping          |       |     1 |       ||     1
Armor: Robe              |     3 |     7 |     3 ||    13
       Skin              |       |     6 |       ||     6
Dodge: Dodged            |     8 |    20 |    25 ||    53
       Rpst.: Falchion   |       |     1 |     6 ||     7

Table legend: (Time is in decaauts)
 A = Elapsed time spent in this place.
 B = Non-inter-level travel time spent in this place.
 C = Inter-level travel time spent in this place.
 D = Time resting spent in this place.
 E = Time spent auto-exploring this place.
 F = Levels seen in this place.
 G = Mean time per level.
                   A        B        C        D        E       F      G
               +--------+--------+--------+--------+--------+-----+--------+
         Total |   9184 |   8810 |    374 |   2470 |   4761 |   7 | 1312.0 |
       Dungeon |   9052 |   8679 |    373 |   2470 |   4648 |   6 | 1508.7 |
        Temple |    131 |    130 |      1 |      0 |    113 |   1 |  131.0 |
               +--------+--------+--------+--------+--------+-----+--------+

Top non-repeatable levels by time:
     D:3: 2273 daAuts
     D:2: 1656 daAuts
     D:1: 1476 daAuts
     D:5: 1431 daAuts
     D:4: 1217 daAuts
     D:6: 997 daAuts
  Temple: 131 daAuts
